 Dungeon Crawl Stone Soup version 0.19.5 (webtiles) character file.

54005 IcySystem the Unseen (level 14, -5/65 HPs)
             Began as a Spriggan Enchanter on May 23, 2017.
             Was a High Priest of Dithmenos.
             Slain by a komodo dragon (13 damage)
             ... on level 6 of the Lair of Beasts.
             The game lasted 03:04:28 (28716 turns).

IcySystem the Unseen (Spriggan Enchanter)          Turns: 28716, Time: 03:04:28

Health: -5/65      AC:  2    Str:  4    XL:     14   Next: 33%
Magic:  30/30      EV:  4    Int: 16    God:    Dithmenos [*****.]
Gold:   913        SH:  0    Dex: 27    Spells: 5 memorised, 21 levels left

rFire  . . .     SeeInvis +     q - +3 dagger (pierce)
rCold  . . .     Gourm    .     (armour restricted)
rNeg   + + +     Faith    .     (shield restricted)
rPois  ∞         Spirit   .     (helmet restricted)
rElec  .         Reflect  .     r - +1 cloak
rCorr  .         Harm     .     (gloves unavailable)
MR     ++...                    (boots unavailable)
Stlth  ++++++++++               X - amulet of rage
                                h - +4 ring of evasion
                                M - +5 ring of dexterity

@: petrified, wreathed by umbra, drained, very quick
A: unfitting armour, see invisible, herbivore 3, speed 3, slow metabolism 2
a: Shadow Step, Shadow Form, Renounce Religion, Evoke Berserk Rage


You were on level 6 of the Lair of Beasts.
You worshipped Dithmenos.
Dithmenos was extremely pleased with you.
You were full.

You visited 3 branches of the dungeon, and saw 19 of its levels.
You also visited: Sewer and Volcano.

You collected 997 gold pieces.
You spent 84 gold pieces at shops.

Inventory:

Hand Weapons
 q - a +3 dagger of piercing (weapon)
 Q - a +0 blowgun
Missiles
 e - 63 poisoned needles
 o - 15 needles of confusion
Armour
 r - a +1 cloak (worn)
 R - a +0 troll leather armour
Jewellery
 g - an uncursed ring of fire
 h - a +4 ring of evasion (right hand)
 M - a +5 ring of dexterity (left hand)
 W - a +2 ring of intelligence
 X - an amulet of rage (around neck)
Wands
 b - a wand of heal wounds (3/9)
 f - a wand of paralysis (13/24)
 j - a wand of random effects (36/48)
 s - a wand of disintegration (22/24)
 w - a wand of iceblast (6/15)
 x - a wand of disintegration (11/24)
 y - a wand of confusion (32/48)
Scrolls
 a - a scroll of fog
 i - 4 scrolls of remove curse
 l - 2 scrolls of enchant armour
 n - 3 scrolls of amnesia
 p - 10 scrolls of teleportation
 v - a scroll of enchant weapon
 F - a scroll of blinking
 U - 6 scrolls of identify
Potions
 c - a potion of might
 m - a potion of invisibility {unknown}
 z - a potion of heal wounds {unknown}
 A - 7 potions of flight {unknown}
 C - a potion of agility {unknown}
 E - 2 potions of lignification {unknown}
 N - a potion of resistance {unknown}
 O - 5 potions of curing
 P - 3 potions of brilliance
 V - a potion of berserk rage {unknown}
 Z - a potion of cure mutation {unknown}
Books
 k - a book of Minor Magic

   Spells                             Type                      Level
   a - Magic Dart                     Conjuration                  1
   b - Blink                          Translocation                2
   c - Call Imp                       Summoning                    2
   d - Repel Missiles                 Charms/Air                   2
   e - Slow                           Hexes                        2
   f - Conjure Flame                  Conjuration/Fire             3
   g - Mephitic Cloud                 Conjuration/Poison/Air       3
 B - Zobisott's Incunabulum of Icy Unholy Rituals
   (You found it on level 6 of the Lair of Beasts)

   Spells                             Type                      Level
   a - Ensorcelled Hibernation        Hexes/Ice                    2
   b - Control Undead                 Necromancy                   4
   c - Bolt of Draining               Conjuration/Necromancy       5
   d - Ozocubu's Refrigeration        Ice                          6
Miscellaneous
 u - a fan of gales
 D - a disc of storms
 G - a phantom mirror
Comestibles
 d - 5 bread rations


   Skills:
 - Level 3.0(2.8) Fighting
 - Level 10.7(10.5) Short Blades
 - Level 12.6(12.3) Dodging
 - Level 19.2(18.9) Stealth
 - Level 11.4(11.1) Spellcasting
 - Level 10.0(9.8) Hexes
 - Level 5.1(4.9) Charms
 - Level 5.1(4.8) Translocations
 + Level 10.8(10.5) Invocations


You had 21 spell levels left.
You knew the following spells:

 Your Spells              Type           Power        Failure   Level  Hunger
a - Corona                Hex            #####..      1%          1    None
b - Confuse               Hex            #####...     1%          3    None
c - Invisibility          Hex            #####...     24%         6    ######.
d - Shroud of Golubria    Chrm/Tloc      ###.......   1%          2    None
e - Blink                 Tloc           N/A          1%          2    None


Dungeon Overview and Level Annotations

Branches:
Dungeon (12/15)            Temple (1/1) D:6            Lair (6/6) D:8
  Swamp (0/4) Lair:3        Snake (0/4) Lair:2        Slime (0/5) Lair:6
    Orc (0/2) D:11

Altars:
Ashenzari
Cheibriados
Dithmenos
Elyvilon
Fedhas
Gozag
Kikubaaqudgha
Nemelex Xobeh
Okawaru
Qazlal
Sif Muna
Trog
Uskayaw
Vehumet
Xom
Yredelemnul
Zin
The Shining One

Shops:
D:5 !

Annotations:
D:11 Rupert
D:12 Nergalle


Innate Abilities, Weirdness & Mutations

You are very small and have problems with some larger weapons.
You are too small for most types of armour.
You have supernaturally acute eyesight. (SInv)
You are a herbivore.
You cover ground extremely quickly.
You need consume almost no food.


Message History

Your shadow hits the death yak but does no damage.
The death yak gores you! The basilisk gazes at you.
You resist with almost no effort. The basilisk gazes at you.
You are slowing down.
Your limbs are stiffening.
You have turned to stone.
The death yak gores you.
The death yak gores you but does no damage.
The death yak gores you!! The death yak barely misses you.
The death yak gores you! The komodo dragon bites you. The death yak gores you!!
The komodo dragon bites you!
* * * LOW HITPOINT WARNING * * *
The basilisk hisses menacingly.
The death yak gores you!
* * * LOW HITPOINT WARNING * * *
The komodo dragon bites you!!
You die...

##.................# #......
##.....#.....#....###
##....#
####...............####†..P.
#...P..........#...##...†.
#...................##......
#.....P.........#.........##
##..........##...........###
#.........PYl....#..P.#..#.#
..........P@.#......P.......
.........l.P...............
........P.....#..........
........P..###P.........
........................
≈≈......................
≈≈.........#.......P....
≈≈.......P#..#.#........
P≈....##.......


You could see a death yak, a komodo dragon and a basilisk.

Vanquished Creatures
  Frances (D:12)
  4 dire elephants (Lair:6)
  Harold (Lair:1)
  2 hydras
  Erolcha (D:10)
  An anaconda (Lair:6)
  3 death yaks
  2 unseen horrors (D:10)
  A hill giant (D:10)
  An oklob plant (Lair:1)
  An ugly thing (D:12)
  Joseph (D:9)
  2 torpor snails
  22 elephants
  3 black mambas
  A gargoyle (D:11)
  8 spiny frogs
  8 rime drakes
  6 komodo dragons
  An efreet (Volcano)
  A troll (D:11)
  2 polar bears
  2 two-headed ogres
  Grinder (D:5)
  A hornet (D:9)
  2 slime creatures (Lair:6)
  16 blink frogs
  8 hippogriffs
  4 wyverns
  2 wraiths (D:8)
  A shadow (D:11)
  37 yaks
  A fire bat (Volcano)
  3 basilisks
  3 fire elementals
  Grum (D:8)
  A steam dragon (Lair:4)
  A mottled dragon (Lair:4)
  6 water moccasins
  11 porcupines
  The ghost of Nr616 the Conjurer, an amateur GrWz (D:3)
  7 sky beasts
  4 orc warriors
  8 ice beasts
  A phantom (D:6)
  4 centaurs
  2 necrophages
  An eye of draining (D:11)
  11 wolves
  6 ogres
  26 crocodiles
  Blork the orc (D:6)
  A big kobold (D:10)
  13 bullfrogs
  A gnoll sergeant (D:9)
  A scorpion (shapeshifter) (D:11)
  3 scorpions
  14 wights
  8 killer bees
  A troll skeleton (D:8)
  A howler monkey (D:4)
  An electric eel (Lair:5)
  6 crimson imps
  2 lava snakes (Volcano)
  A bullfrog zombie (D:9)
  2 human zombies (D:8)
  4 jellies
  5 centaur skeletons
  9 orc priests
  3 hounds
  10 orc wizards
  Natasha (twice) (D:4)
  A bullfrog skeleton (D:9)
  6 iguanas
  4 worker ants
  A hound skeleton (D:5)
  A mummy (D:8)
  A worker ant zombie (D:9)
  2 howler monkey zombies
  9 gnolls
  15 adders
  2 river rats (D:6)
  2 shadow imps
  3 oozes
  2 adder skeletons
  4 worms
  4 dart slugs
  15 leopard geckos
  58 orcs
  6 bats
  17 giant cockroaches
  5 hobgoblins
  14 jackals
  16 kobolds
  2 quokkas
  4 ball pythons
  10 frilled lizards
  10 goblins
  A leopard gecko zombie (D:5)
  An orc skeleton (D:8)
  A quokka skeleton (D:4)
  10 rats
561 creatures vanquished.

Vanquished Creatures (others)
  A leopard gecko (D:7)
  A quokka (D:7)
  16 fungi
  18 plants
36 creatures vanquished.

Grand Total: 597 creatures vanquished

Notes
Turn   | Place    | Note
-------+----------+-------------------------------------------
     0 | D:1      | IcySystem the Spriggan Enchanter began the quest for the Orb.
     0 | D:1      | Reached XP level 1. HP: 9/9 MP: 5/5
   372 | D:1      | Reached XP level 2. HP: 12/13 MP: 6/6
  1672 | D:1      | Reached XP level 3. HP: 13/16 MP: 8/8
  2273 | D:2      | Found a radiant altar of Vehumet.
  2587 | D:2      | Found a deep blue altar of Sif Muna.
  2683 | D:2      | Reached XP level 4. HP: 15/21 MP: 9/9
  2868 | D:3      | Noticed Grinder
  3056 | D:2      | Learned a level 3 spell: Confuse
  3295 | D:2      | Reached skill level 5 in Stealth
  3660 | D:3      | Noticed Nr616's ghost (amateur GrWz)
  3681 | D:3      | Reached skill level 5 in Short Blades
  3681 | D:3      | Reached XP level 5. HP: 20/24 MP: 10/10
  3819 | D:3      | Found a sparkling altar of Nemelex Xobeh.
  3819 | D:3      | Found an opulent altar of Gozag.
  4280 | D:4      | Reached skill level 6 in Stealth
  4642 | D:4      | Found a basalt altar of Yredelemnul.
  4995 | D:4      | Reached XP level 6. HP: 28/28 MP: 4/12
  5182 | D:4      | Noticed Natasha
  5190 | D:4      | Killed Natasha
  5488 | D:3      | Killed Nr616's ghost
  8581 | D:3      | Reached skill level 5 in Spellcasting
  9254 | D:3      | Reached XP level 7. HP: 15/32 MP: 14/16
  9637 | D:4      | Noticed Natasha
  9654 | D:4      | Killed Natasha
  9654 | D:4      | Reached skill level 7 in Stealth
  9852 | D:5      | Entered Level 5 of the Dungeon
  9857 | D:5      | Reached skill level 8 in Stealth
 10284 | D:5      | Found Irykk's Distillery.
 10286 | D:5      | Reached skill level 9 in Stealth
 10292 | D:5      | Bought a potion of curing for 36 gold pieces
 10292 | D:5      | Bought a potion of brilliance for 48 gold pieces
 10398 | D:5      | Reached XP level 8. HP: 36/36 MP: 17/17
 10473 | D:5      | Noticed a two-headed ogre
 10532 | D:5      | Killed Grinder
 10532 | D:5      | Reached skill level 10 in Stealth
 10781 | D:5      | Reached skill level 11 in Stealth
 10984 | D:5      | Killed a two-headed ogre
 11080 | D:6      | Found a staircase to the Ecumenical Temple.
 11094 | D:6      | Reached skill level 12 in Stealth
 11224 | D:6      | Found a stormy altar of Qazlal.
 11279 | D:6      | Reached skill level 1 in Fighting
 11279 | D:6      | Reached XP level 9. HP: 41/41 MP: 18/18
 11610 | D:6      | Found a glowing drain.
 11616 | Sewer    | Entered a sewer
 12167 | D:6      | Noticed Blork the orc
 12304 | D:6      | Killed Blork the orc
 12478 | D:6      | Reached skill level 13 in Stealth
 12492 | Temple   | Entered the Ecumenical Temple
 12511 | Temple   | Became a worshipper of Dithmenos the Shadowed
 12575 | D:7      | Found a snail-covered altar of Cheibriados.
 12776 | D:7      | Reached skill level 5 in Dodging
 12952 | D:7      | Found a white marble altar of Elyvilon.
 13459 | D:8      | Found an ancient bone altar of Kikubaaqudgha.
 13621 | D:8      | Reached skill level 14 in Stealth
 13878 | D:8      | Found a glowing silver altar of Zin.
 13882 | D:8      | Found a bloodstained altar of Trog.
 13883 | D:8      | Found an iron altar of Okawaru.
 13901 | D:8      | Found a staircase to the Lair.
 14110 | D:8      | Reached * piety under Dithmenos
 14215 | D:8      | Reached XP level 10. HP: 49/49 MP: 19/19
 14385 | D:9      | Noticed Grum
 14459 | D:8      | Killed Grum
 14547 | D:8      | Reached skill level 15 in Stealth
 14635 | D:9      | Identified Essy's Volume of the Traveller and Hexes
 14772 | D:9      | Noticed Joseph
 14844 | D:9      | Killed Joseph
 14958 | D:9      | Reached skill level 16 in Stealth
 15005 | D:9      | Found a hide-covered altar of Uskayaw.
 15005 | D:9      | Found a shattered altar of Ashenzari.
 15101 | D:9      | Reached ** piety under Dithmenos
 15836 | D:10     | Entered Level 10 of the Dungeon
 15913 | D:10     | Learned a level 6 spell: Invisibility
 15941 | D:10     | Reached skill level 5 in Hexes
 16434 | D:10     | Noticed a hill giant
 16451 | D:10     | Killed a hill giant
 16451 | D:10     | Reached XP level 11. HP: 52/52 MP: 16/24
 16492 | D:10     | Noticed an unseen horror
 16525 | D:10     | Killed an unseen horror
 16918 | D:10     | Noticed an unseen horror
 16920 | D:10     | Killed an unseen horror
 17123 | D:10     | Noticed Erolcha
 17131 | D:10     | Killed Erolcha
 17131 | D:10     | Reached skill level 10 in Spellcasting
 17358 | D:11     | Reached *** piety under Dithmenos
 17523 | D:11     | Found a labyrinth entrance.
 17823 | D:11     | Reached skill level 17 in Stealth
 18121 | D:11     | Found a staircase to the Orcish Mines.
 18505 | D:11     | Reached **** piety under Dithmenos
 18812 | D:12     | Noticed Frances
 18813 | D:12     | Noticed a brown ugly thing
 18820 | D:12     | Killed Frances
 18820 | D:12     | Reached skill level 10 in Dodging
 18822 | D:12     | Noticed Nergalle
 18823 | D:12     | Killed a brown ugly thing
 18825 | D:12     | Noticed Rupert
 18896 | D:12     | Paralysed by Rupert for 7 turns
 19006 | D:12     | Paralysed by Rupert for 3 turns
 19248 | Lair:1   | Entered Level 1 of the Lair of Beasts
 19360 | Lair:1   | Reached XP level 12. HP: 56/56 MP: 27/27
 19527 | Lair:1   | Noticed Harold
 19752 | Lair:1   | Reached skill level 10 in Short Blades
 20121 | Lair:1   | Reached skill level 18 in Stealth
 20382 | Lair:1   | Reached ***** piety under Dithmenos
 20638 | Lair:1   | Killed Harold
 21825 | Lair:2   | Found a staircase to the Snake Pit.
 22027 | Lair:3   | Identified a scroll of acquirement
 22028 | Lair:3   | Got a warped silver ring
 22030 | Lair:3   | Identified the ring "Zoeckamn" {rN++ MR+ Str-2 Int-4 Dex+2} (You acquired it on level 3 of the Lair of Beasts)
 22062 | Lair:3   | Identified Hodih's Handbook of Boosting Summoning
 22084 | Lair:3   | Noticed a seven-headed hydra
 22090 | Lair:3   | Killed a seven-headed hydra
 22147 | Lair:3   | Found a dark tunnel.
 22156 | Volcano  | Entered a volcano
 22342 | Volcano  | Reached skill level 10 in Hexes
 22403 | Volcano  | Found a bloodstained altar of Trog.
 22476 | Volcano  | Noticed a stone giant
 22561 | Volcano  | HP: 2/56 [stone giant/large rock (19)]
 22779 | Lair:3   | Reached skill level 19 in Stealth
 22809 | Lair:3   | Found a staircase to the Swamp.
 23130 | Lair:3   | Reached XP level 13. HP: 60/60 MP: 24/29
 23165 | Lair:3   | Reached skill level 1 in Invocations
 23772 | Lair:1   | Learned a level 2 spell: Shroud of Golubria
 23917 | Lair:4   | Reached skill level 1 in Charms
 23920 | Lair:4   | Reached skill level 1 in Translocations
 24870 | Lair:5   | Reached ****** piety under Dithmenos
 25233 | Lair:5   | Reached skill level 5 in Charms
 25237 | Lair:5   | Reached skill level 5 in Translocations
 25634 | Lair:6   | Entered Level 6 of the Lair of Beasts
 25846 | Lair:6   | Reached skill level 5 in Invocations
 26427 | Lair:6   | Found a staircase to the Slime Pits.
 27393 | Lair:6   | Reached XP level 14. HP: 61/65 MP: 15/30
 28335 | Lair:6   | Reached skill level 10 in Invocations
 28593 | Lair:6   | Identified Zobisott's Incunabulum of Icy Unholy Rituals
 28607 | Lair:6   | Learned a level 2 spell: Blink
 28716 | Lair:6   | Slain by a komodo dragon

Skill      XL: |  1  2  3  4  5  6  7  8  9 10 11 12 13 14 |
---------------+-------------------------------------------+-----
Short Blades   | 2 3 4 5 6 7 8 9 10 | 10.7
Stealth        | 5 6 9 12 14 16 17 19 | 19.2
Spellcasting   | 3 5 8 10 11 | 11.4
Hexes          | 4 6 8 10 | 10.0
Fighting       | 1 3 |  3.0
Dodging        | 6 10 12 | 12.6
Invocations    | 8 10 | 10.8
Charms         | 5 |  5.1
Translocations | 5 |  5.1

Action                   |  1- 3 |  4- 6 |  7- 9 | 10-12 | 13-15 || total
-------------------------+-------+-------+-------+-------+-------++-------
Melee: Dagger            |   237 |   262 |       |   519 |   451 ||  1469
       Short sword       |       |    86 |   458 |   764 |       ||  1308
 Fire: Blowgun           |       |       |     5 |     4 |    12 ||    21
 Cast: Confuse           |       |    17 |    17 |   165 |   161 ||   360
       Shroud of Golubri |       |       |       |       |     4 ||     4
       Blink             |       |       |       |       |     1 ||     1
Invok: Shadow Form       |       |       |       |       |     4 ||     4
Evoke: Wand              |       |       |       |     3 |       ||     3
  Use: Scroll            |       |     5 |     9 |     7 |     1 ||    22
 Stab: Sleeping          |     6 |     5 |    36 |    45 |    29 ||   121
       Distracted        |     2 |       |     1 |    11 |     2 ||    16
       Confused          |       |     7 |    13 |    85 |    89 ||   194
       Invisible         |       |       |       |       |    31 ||    31
  Eat: Fruit             |       |     3 |       |     1 |     2 ||     6
       Bread ration      |       |     1 |     1 |     1 |     1 ||     4
       Pizza             |       |       |       |     2 |       ||     2
       Royal jelly       |       |       |       |       |     1 ||     1
Armor: Robe              |    28 |    32 |    22 |       |       ||    82
       Troll leather arm |       |       |     7 |    45 |     2 ||    54
       Skin              |       |       |       |       |     2 ||     2
Dodge: Dodged            |   135 |   177 |   259 |   723 |   290 ||  1584
